Dungeon Sprint DCSS version 0.17-a0-1646-geb1493d (webtiles) character file.

14100000 nuthulu the Axe Maniac (level 27, -111/295 (298) HPs) Began as a Deep Dwarf Gladiator on Aug 11, 2015. Was the Champion of Makhleb. Annihilated by a fleshlord ... wielding a +9 great mace (332 damage) ... in the Dungeon (Sprint VIII: "Arena of Blood"). The game lasted 00:05:19 (141 turns). nuthulu the Axe Maniac (Deep Dwarf Gladiator) Turns: 141, Time: 00:05:20 HP: -111/295 (298)AC: 8 Str: 24 XL: 27 MP: 48/54 EV: 37 Int: 8 God: Makhleb [******] Gold: 0 SH: 0 Dex: 22 Spells: 0 memorised, 80 levels left rFire . . . SeeInvis . m - +∞ Axe of Woe rCold . . . Clarity . b - +0 leather armour rNeg + . . SustAt . (no shield) rPois . Gourm . c - +0 helmet rElec . Spirit . (no cloak) rCorr . Warding . (no gloves) rMut . NoTele + (no boots) MR ++++. (no amulet) Stlth +++++++++. (no ring) (no ring) @: lethally poisoned (-111 -> -243), non-regenerating, incredibly resistant to hostile enchantments, incredibly stealthy A: damage resistance, recharge devices, negative energy resistance 1, sense surroundings 3, slow healing 3 a: Device Recharging, Minor Destruction, Lesser Servant of Makhleb, Major Destruction, Greater Servant of Makhleb, Renounce Religion You were in the Dungeon. You worshipped Makhleb. Makhleb was exalted by your worship. You were not hungry. You visited 1 branch

Inventory:

Hand weapons
 a - a +0 war axe
 m - the +∞ Axe of Woe (weapon)
   (You found it in the Dungeon)
Missiles
 d - 3 throwing nets (quivered)
Armour
 b - a +0 leather armour (worn)
 c - a +0 helmet (worn)
Magical devices
 e - a wand of heal wounds (5)
Scrolls
 l - a scroll of blinking
Potions
 g - a potion of curing
 h - a potion of heal wounds
 i - a potion of haste
 j - 2 potions of magic
 k - a potion of berserk rage
Comestibles
 f - a bread ration


   Skills:
 O Level 27 Fighting
 O Level 27 Axes
 O Level 27 Throwing
 O Level 27 Armour
 O Level 27 Dodging
 O Level 27 Stealth
 O Level 27 Unarmed Combat
 O Level 27 Spellcasting
 O Level 27 Invocations
 O Level 27 Evocations


You had 80 spell levels left.
You didn't know any spells.

Dungeon Overview and Level Annotations

Branches:
Dungeon (1/1)

Altars:
Makhleb


Innate Abilities, Weirdness & Mutations

You are resistant to damage.
You can recharge devices by infusing magical energy.
You resist negative energy.
You passively map a large area around you.
You do not heal naturally.


Message History

You hear an explosion!
The fiery explosion engulfs the tyrant.
The fiery explosion engulfs the fleshlord.
The fleshlord completely resists.
The fiery explosion engulfs the meat berserker.
The fiery explosion engulfs the bag of meat.
The bag of meat dies!
Makhleb accepts your kill.
You feel better.
You hit the destroyer.
You dissect the destroyer like a pig carcass.
You destroy the destroyer!
Makhleb accepts your kill.
You feel better.
You are engulfed in roaring flames.
You feel extremely sick.
You hear a shout!
You hear a bark!
You hear a shout!
You hear a shout!
You hear a shout! x9
The large bag of meat moves out of view.
The fleshlord hits you with a +9 great mace!!!!!!
Ouch! That really hurt!
You die... * ,,, , ,, , ,,, , ..W. , ,,, , ,, .., p... , ,, , ,.., p.O

, , * , ,, #. ,
.z# , , , , ,
,#.. ,..#, . , ,
, , .###.2
D)###.. , ,
%.%o..###p§.....
, , ,*
....oV§§@§OL....
, ,
....#.§§§§#...2.,
, ,,. #_%<._#,
o.. ,, , , ,
#.....#X,, . * *
, ,..%.._.....,,
, , ,,
,......###......
,, * ,, ,,,
.###.% , ..###.,
, , , , , #..
,..# ,, ,, , ,, ,
, , #.. , ..# ,,
, *


You could see a meat beast, a tyrant, an eight-headed meat hydra, a destroyer, 3
fleshlords, a sculptor of flesh, a dread, 2 meat berserkers and 3 bags of meat.

Vanquished Creatures
  3 hell knights (D)
  Sigmund (D)
  7 hell beasts (D)
  6 greater mummies (D)
  6 great orbs of eyes (D)
  3 wraiths (D)
  14 vampire knights (D)
  27 ogres (D)
  7 liches (D)
  A hydra (D)
  49 orcs (D)
  5 phantoms (D)
  9 hill giants (D)
  4 skeletal warriors (D)
  2 sea snakes (D)
  2 large abominations (D)
  2 small abominations (D)
  3 crawling corpses (D)
151 creatures vanquished.

Vanquished Creatures (others)
  An ogre (D)
  5 orcs (D)
6 creatures vanquished.

Grand Total: 157 creatures vanquished

Notes
Turn   | Place    | Note
--------------------------------------------------------------
     0 | D        | nuthulu the Deep Dwarf Gladiator began the quest for the Orb.
     0 | D        | Reached XP level 1. HP: 19/19 MP: 1/1
     3 | D        | Noticed a bag of meat
     3 | D        | Noticed a meat berserker
     4 | D        | Noticed a bag of meat
     4 | D        | Became a worshipper of Makhleb the Destroyer
     5 | D        | Noticed a bag of meat
     6 | D        | Noticed a bag of meat
     6 | D        | Noticed a bag of meat
     7 | D        | Killed a meat berserker
     7 | D        | Reached skill level 15 in Fighting
     7 | D        | Reached skill level 18 in Axes
     7 | D        | Reached XP level 2. HP: 22/52 MP: 2/2
     7 | D        | Reached XP level 3. HP: 25/60 MP: 3/3
     7 | D        | Reached XP level 4. HP: 28/68 MP: 4/4
     7 | D        | Reached XP level 5. HP: 30/75 MP: 5/5
     7 | D        | Reached XP level 6. HP: 33/84 MP: 6/6
     7 | D        | Reached XP level 7. HP: 35/91 MP: 7/7
     7 | D        | Reached XP level 8. HP: 38/99 MP: 8/8
     7 | D        | Gained mutation: You passively map the area around you. [Deep Dwarf growth]
     7 | D        | Reached XP level 9. HP: 41/108 MP: 9/9
     7 | D        | Reached XP level 10. HP: 44/116 MP: 10/10
     7 | D        | Reached XP level 11. HP: 46/123 MP: 11/11
     7 | D        | Reached XP level 12. HP: 49/132 MP: 12/12
     7 | D        | Reached XP level 13. HP: 51/139 MP: 13/13
     8 | D        | Noticed a bag of meat
     9 | D        | Killed a bag of meat
     9 | D        | Acquired Makhleb's first power
     9 | D        | Reached skill level 19 in Axes
     9 | D        | Killed a bag of meat
     9 | D        | Reached skill level 20 in Axes
     9 | D        | Gained mutation: You resist negative energy. [Deep Dwarf growth]
     9 | D        | Reached XP level 14. HP: 54/156 MP: 14/14
    11 | D        | Noticed a bag of meat
    11 | D        | Noticed a meat berserker
    11 | D        | Killed a bag of meat
    11 | D        | Acquired Makhleb's second power
    11 | D        | Reached skill level 21 in Axes
    11 | D        | Killed a bag of meat
    11 | D        | Reached skill level 22 in Axes
    11 | D        | Reached XP level 15. HP: 109/169 MP: 15/15
    13 | D        | Noticed a meat berserker
    14 | D        | Killed a bag of meat
    14 | D        | Acquired Makhleb's third power
    14 | D        | Reached skill level 23 in Axes
    14 | D        | Killed a bag of meat
    14 | D        | Reached skill level 24 in Axes
    15 | D        | Noticed a bag of meat
    15 | D        | Noticed a meat berserker
    15 | D        | Noticed a bag of meat
    15 | D        | Noticed a bag of meat
    15 | D        | Killed a meat berserker
    15 | D        | Reached skill level 26 in Axes
    15 | D        | Reached XP level 16. HP: 180/186 MP: 16/16
    16 | D        | Noticed a bag of meat
    17 | D        | Killed a meat berserker
    17 | D        | Acquired Makhleb's fourth power
    17 | D        | Reached skill level 27 in Axes
    17 | D        | Reached skill level 27 in Armour
    17 | D        | Reached skill level 27 in Dodging
    17 | D        | Reached XP level 17. HP: 193/201 MP: 17/17
    17 | D        | Killed a bag of meat
    18 | D        | Noticed a bag of meat
    19 | D        | Killed a meat berserker
    19 | D        | Reached skill level 27 in Fighting
    20 | D        | Noticed a bag of meat
    20 | D        | Noticed a meat berserker
    21 | D        | Noticed a destroyer
    21 | D        | Noticed a destroyer
    22 | D        | Killed a bag of meat
    22 | D        | Acquired Makhleb's fifth power
    22 | D        | Gained mutation: You passively map a large area around you. [Deep Dwarf growth]
    22 | D        | Reached XP level 18. HP: 218/218 MP: 17/30
    23 | D        | Killed a bag of meat
    24 | D        | Noticed a meat berserker
    24 | D        | Killed a bag of meat
    24 | D        | Killed a destroyer
    24 | D        | Reached XP level 19. HP: 226/226 MP: 17/36
    25 | D        | Noticed a large bag of meat
    25 | D        | Killed a bag of meat
    25 | D        | Reached skill level 27 in Stealth
    25 | D        | Reached skill level 27 in Invocations
    25 | D        | Reached skill level 27 in Evocations
    25 | D        | Reached skill level 5 in Throwing
    25 | D        | Killed a meat berserker
    25 | D        | Killed a destroyer
    25 | D        | Reached skill level 15 in Spellcasting
    25 | D        | Reached XP level 20. HP: 236/236 MP: 18/39
    25 | D        | Killed a bag of meat
    26 | D        | Noticed a bag of meat
    27 | D        | Noticed a meat berserker
    27 | D        | Noticed a bag of meat
    29 | D        | Noticed a bag of meat
    29 | D        | Noticed a meat berserker
    29 | D        | Killed a meat berserker
    30 | D        | Noticed a large bag of meat
    31 | D        | Noticed a large bag of meat
    31 | D        | Killed a meat berserker
    31 | D        | Reached XP level 21. HP: 244/244 MP: 19/45
    33 | D        | Noticed a meat berserker
    33 | D        | Killed a bag of meat
    34 | D        | Noticed a meat berserker
    34 | D        | Killed a bag of meat
    35 | D        | Killed a meat berserker
    36 | D        | Noticed a bag of meat
    36 | D        | Noticed a destroyer
    36 | D        | Killed a large bag of meat
    36 | D        | Killed a bag of meat
    38 | D        | Noticed a bag of meat
    38 | D        | Killed a meat berserker
    38 | D        | Reached skill level 27 in Throwing
    38 | D        | Reached skill level 27 in Unarmed Combat
    38 | D        | Reached skill level 27 in Spellcasting
    38 | D        | Reached XP level 22. HP: 254/254 MP: 21/53
    39 | D        | Noticed a bag of meat
    39 | D        | Noticed a bag of meat
    40 | D        | Noticed a bag of meat
    40 | D        | Killed a meat berserker
    40 | D        | Killed a large bag of meat
    41 | D        | Killed a large bag of meat
    42 | D        | Noticed a destroyer
    43 | D        | Noticed a destroyer
    43 | D        | Noticed a large bag of meat
    44 | D        | Noticed a bag of meat
    44 | D        | Noticed a bag of meat
    44 | D        | Killed a bag of meat
    44 | D        | Killed a destroyer
    44 | D        | Reached XP level 23. HP: 262/262 MP: 22/54
    45 | D        | Killed a bag of meat
    46 | D        | Noticed a bag of meat
    46 | D        | Noticed a large bag of meat
    46 | D        | Noticed an accursed
    46 | D        | Killed a destroyer
    46 | D        | Killed a bag of meat
    47 | D        | Noticed a meat berserker
    47 | D        | Killed a bag of meat
    47 | D        | Killed a destroyer
    47 | D        | Reached XP level 24. HP: 272/272 MP: 23/54
    48 | D        | Killed a large bag of meat
    50 | D        | Killed a meat berserker
    50 | D        | Killed an accursed
    50 | D        | Reached XP level 25. HP: 250/280 MP: 24/54
    51 | D        | Noticed a destroyer
    51 | D        | Noticed a sculptor of flesh
    51 | D        | Killed a bag of meat
    51 | D        | Killed a large bag of meat
    52 | D        | Noticed a bag of meat
    53 | D        | Noticed a meat berserker
    53 | D        | Noticed a destroyer
    53 | D        | Killed a bag of meat
    54 | D        | Noticed a meat berserker
    54 | D        | Killed a meat berserker
    54 | D        | Killed a destroyer
    54 | D        | Killed a bag of meat
    54 | D        | Reached XP level 26. HP: 290/290 MP: 25/54
    56 | D        | Noticed a meat berserker
    56 | D        | Killed a bag of meat
    57 | D        | Noticed a bag of meat
    57 | D        | Noticed a sculptor of flesh
    57 | D        | Killed a meat berserker
    59 | D        | Noticed a sculptor of flesh
    59 | D        | Noticed a tyrant
    59 | D        | Killed a bag of meat
    60 | D        | Noticed a meat beast
    61 | D        | Killed a bag of meat
    61 | D        | Killed a sculptor of flesh
    62 | D        | Killed a meat berserker
    63 | D        | Noticed a sculptor of flesh
    63 | D        | Noticed a bag of meat
    63 | D        | Killed a meat beast
    63 | D        | Reached XP level 27. HP: 298/298 MP: 27/54
    63 | D        | Killed a sculptor of flesh
    64 | D        | Noticed a meat berserker
    65 | D        | Killed a destroyer
    66 | D        | Killed a meat berserker
    66 | D        | Killed a sculptor of flesh
    67 | D        | Noticed a bag of meat
    67 | D        | Killed a tyrant
    68 | D        | Noticed a destroyer
    69 | D        | Noticed a meat berserker
    69 | D        | Killed a bag of meat
    69 | D        | Killed a destroyer
    70 | D        | Noticed a bag of meat
    70 | D        | Killed a sculptor of flesh
    71 | D        | Noticed a bag of meat
    71 | D        | Noticed a bag of meat
    71 | D        | Noticed a destroyer
    72 | D        | Noticed a bag of meat
    72 | D        | Killed a bag of meat
    73 | D        | Noticed an accursed
    73 | D        | Noticed a meat beast
    73 | D        | Noticed a tyrant
    74 | D        | Noticed a dread
    74 | D        | Killed a meat berserker
    74 | D        | Killed a bag of meat
    74 | D        | Killed a bag of meat
    75 | D        | Noticed a sculptor of flesh
    75 | D        | Noticed a dread
    76 | D        | Killed a destroyer
    77 | D        | Noticed an accursed
    77 | D        | Killed a bag of meat
    79 | D        | Killed a dread
    81 | D        | Killed a tyrant
    81 | D        | Killed a wretched soul
    82 | D        | Killed a meat beast
    83 | D        | Noticed a large bag of meat
    83 | D        | Noticed an accursed
    85 | D        | Killed an accursed
    85 | D        | Killed a dread
    86 | D        | Noticed a destroyer
    87 | D        | Killed a large bag of meat
    89 | D        | Noticed a meat berserker
    89 | D        | Killed a bag of meat
    89 | D        | Killed a destroyer
    90 | D        | Killed an accursed
    92 | D        | Noticed a meat berserker
    92 | D        | Noticed The Captor
    93 | D        | Killed a meat berserker
    93 | D        | Killed an accursed
    94 | D        | Killed a meat berserker
    94 | D        | Killed an observer
    95 | D        | Noticed a meat berserker
    95 | D        | Noticed a meat berserker
    97 | D        | Noticed a bag of meat
    97 | D        | Noticed a meat berserker
    97 | D        | Noticed a meat beast
    98 | D        | Noticed a meat berserker
    98 | D        | Noticed a meat berserker
    98 | D        | Noticed a destroyer
    99 | D        | Noticed a bag of meat
    99 | D        | Killed a meat berserker
    99 | D        | Killed a meat berserker
    99 | D        | Killed an observer
   100 | D        | Killed a meat beast
   100 | D        | Killed an observer
   100 | D        | Killed a bag of meat
   101 | D        | Killed a meat berserker
   101 | D        | Killed a destroyer
   101 | D        | Noticed a bag of meat
   101 | D        | Noticed a bag of meat
   102 | D        | Noticed a destroyer
   102 | D        | Noticed an accursed
   102 | D        | Killed a meat berserker
   103 | D        | Noticed a bag of meat
   103 | D        | Noticed a meat berserker
   104 | D        | Noticed a bag of meat
   104 | D        | Killed a meat berserker
   104 | D        | Killed a destroyer
   105 | D        | Noticed a bag of meat
   105 | D        | Noticed a bag of meat
   105 | D        | Killed The Captor
   106 | D        | Noticed a bag of meat
   106 | D        | Noticed a dread
   107 | D        | Noticed an accursed
   108 | D        | Noticed a tyrant
   108 | D        | Noticed a tyrant
   108 | D        | Killed a bag of meat
   108 | D        | Killed an observer
   108 | D        | Killed a wretched soul
   108 | D        | Killed a wretched soul
   109 | D        | Noticed a meat berserker
   110 | D        | Noticed a meat beast
   110 | D        | Noticed a bag of meat
   110 | D        | Killed a meat berserker
   110 | D        | Killed an observer
   110 | D        | Killed an observer
   111 | D        | Noticed a bag of meat
   111 | D        | Killed a bag of meat
   112 | D        | Noticed a bag of meat
   112 | D        | Noticed a tyrant
   112 | D        | Killed a bag of meat
   112 | D        | Killed an accursed
   113 | D        | Killed a meat berserker
   113 | D        | Killed a meat beast
   114 | D        | Noticed a bag of meat
   114 | D        | Killed an accursed
   114 | D        | Killed a bag of meat
   115 | D        | Noticed a meat beast
   115 | D        | Killed a bag of meat
   116 | D        | Killed a bag of meat
   119 | D        | Noticed a bag of meat
   119 | D        | Killed a bag of meat
   119 | D        | Killed a bag of meat
   120 | D        | Noticed a bag of meat
   120 | D        | Noticed a bag of meat
   120 | D        | Killed a meat beast
   120 | D        | Killed a tyrant
   120 | D        | Killed a dread
   121 | D        | Noticed a meat berserker
   121 | D        | Noticed a tyrant
   121 | D        | Killed a bag of meat
   122 | D        | Noticed a large bag of meat
   122 | D        | Noticed a meat beast
   122 | D        | Killed a bag of meat
   123 | D        | Noticed a large bag of meat
   123 | D        | Noticed a bag of meat
   123 | D        | Noticed a fleshlord
   123 | D        | Noticed a meat berserker
   123 | D        | Killed a bag of meat
   124 | D        | Killed a bag of meat
   125 | D        | Noticed a bag of meat
   125 | D        | Noticed a bag of meat
   125 | D        | Killed a bag of meat
   126 | D        | Noticed a bag of meat
   126 | D        | Noticed a meat beast
   127 | D        | Noticed a bag of meat
   128 | D        | Noticed a fleshlord
   128 | D        | Noticed a dread
   128 | D        | Killed a bag of meat
   129 | D        | Noticed a bag of meat
   129 | D        | Noticed a tyrant
   129 | D        | Killed a meat berserker
   130 | D        | Killed a tyrant
   130 | D        | Killed a meat beast
   130 | D        | Killed a meat berserker
   131 | D        | Noticed a large bag of meat
   131 | D        | Noticed a meat berserker
   131 | D        | Noticed a dread
   131 | D        | Noticed a fleshlord
   131 | D        | Killed a fleshlord
   131 | D        | Killed a meat beast
   131 | D        | Noticed a destroyer
   132 | D        | Killed a large bag of meat
   132 | D        | Killed a wretched soul
   133 | D        | Noticed a bag of meat
   133 | D        | Noticed a bag of meat
   133 | D        | Noticed a fleshlord
   134 | D        | Noticed a tyrant
   134 | D        | Killed a tyrant
   134 | D        | Killed a wretched soul
   135 | D        | Killed a bag of meat
   135 | D        | Killed a tyrant
   136 | D        | Killed a tyrant
   136 | D        | Killed a large bag of meat
   136 | D        | Killed a meat berserker
   136 | D        | Killed a bag of meat
   136 | D        | Killed a bag of meat
   136 | D        | Killed a bag of meat
   138 | D        | Noticed a meat berserker
   138 | D        | Noticed a meat berserker
   138 | D        | Noticed a destroyer
   138 | D        | Noticed a destroyer
   138 | D        | Killed a fleshlord
   139 | D        | Killed a bag of meat
   139 | D        | Killed a fleshlord
   139 | D        | Killed a bag of meat
   140 | D        | Killed a destroyer
   140 | D        | Noticed a bag of meat
   141 | D        | Noticed a dread
   141 | D        | Noticed a fleshlord
   141 | D        | Noticed a fleshlord
   141 | D        | Noticed a large bag of meat
   141 | D        | Killed a large bag of meat
   141 | D        | Killed a bag of meat
   141 | D        | Killed a bag of meat
   141 | D        | Killed a destroyer
   141 | D        | Annihilated by a fleshlord

Vault maps used:
D:        meatsprint

Action                   |  1- 3 |  4- 6 |  7- 9 | 10-12 | 13-15 | 16-18 | 19-21 | 22-24 | 25-27 || total
-------------------------+-------+-------+-------+-------+-------+-------+-------+-------+-------++-------
Melee: Executioner's axe |     1 |       |       |       |     4 |     5 |     8 |     8 |    66 ||    92
